 Dungeon Crawl Stone Soup version 0.31-a0-1412-g7b7c7d10e1 (webtiles) character file.

Game seed: 12299872119283435415

5378 Fymir27 the Covert (level 10, -6/83 HPs)
             Began as an Armataur Hedge Wizard on Dec 25, 2023.
             Was a Follower of Ashenzari.
             Mangled by a centaur warrior zombie (7 damage)
             ... on level 9 of the Dungeon on Dec 26, 2023.
             The game lasted 01:49:22 (14298 turns).

Fymir27 the Covert (Armataur Hedge Wizard)         Turns: 14298, Time: 01:49:23

Health: -6/83      AC:  7    Str: 17    XL:     10   Next: 39%
Magic:  11/16      EV: 10    Int: 24    God:    Ashenzari [*.....]
Gold:   491        SH:  0    Dex: 12    Spells: 7/18 levels left

rFire   + . .        b - +5 great sword of Noon {freeze, rPois Stlth+}
rCold   + . .        (shield currently unavailable)
rNeg    + . .        e - +2 robe {rC+ rF+}
rPois   +            A - +0 helmet
rElec   +            r - scarf "Circumscribed Yoke" {shadows, Fort, Comp} (curse)
rCorr   .            (no gloves)
SInv    .            (no barding)
Will    +....        (no amulet)
Stlth   +++++        N - ring "Nuanosche" {rElec rN+ Will+ Dex+3}
HPRegen 0.33/turn    z - ring "Circumscribed Together" {Int+6, Sorc, Range} (curse)
MPRegen 0.15/turn

%: roll
@: no status effects
A: large, deformed body, tough skin 3, armoured tail, roll 2
a: Renounce Religion, Shatter the Chains


You were on level 9 of the Dungeon.
You worshipped Ashenzari.
Ashenzari was aware of your devotion.
You visited 2 branches of the dungeon, and saw 10 of its levels.

You collected 767 gold pieces.
You spent 276 gold pieces at shops.

Inventory:

Hand Weapons
 a - a +1 dagger of venom
 b - the +5 great sword of Noon (weapon) {freeze, rPois Stlth+}
   (You bought it in a shop on level 5 of the Dungeon)

   rPois:     It protects you from poison Stlth+: It makes you more stealthy.
 i - the +1 whip of the Middle {venom, +Blink}
   (You found it on level 5 of the Dungeon)

   +Blink:    It lets you blink.
 k - a +2 vampiric whip
 U - a +3 short sword
Missiles
 l - 10 boomerangs
 B - 17 poisoned darts
 R - a curare-tipped dart
Armour
 c - a +0 hat
 e - a +2 robe of resistance (worn)
 m - a +0 ring mail
 o - a +0 robe
 r - the cursed scarf "Circumscribed Yoke" (worn) {shadows, Fort, Comp}
   (You found it on level 2 of the Dungeon)

   It has a curse which improves the following skills: Fortitude: Armour and
   Shields.
   Companions: Summonings and Necromancy.
 t - the +3 chain mail of the Hurricane {Will+ Int+3 Slay+3}
   (You found it on level 3 of the Dungeon)

   Int+3:     It affects your intelligence (+3).
   Slay+3:    It affects your accuracy & damage with ranged weapons and melee
   (+3).
   Will+:     It increases your willpower.
 A - a +0 helmet (worn)
Magical Staves
 H - a staff of earth
Jewellery
 n - a ring of see invisible
 x - a ring of poison resistance
 z - the cursed ring "Circumscribed Together" (right hand) {Int+6, Sorc, Range}
   (You found it on level 4 of the Dungeon)

   [ring of intelligence]

   Int+6:     It affects your intelligence (+6).
   It has a curse which improves the following skills: Sorcery: Conjurations and
   Alchemy.
   Ranged Combat: Ranged Weapons and Throwing.
 N - the ring "Nuanosche" (left hand) {rElec rN+ Will+ Dex+3}
   (You found it on level 6 of the Dungeon)

   [ring of willpower]

   Dex+3:     It affects your dexterity (+3).
   rElec:     It insulates you from electricity.
   rN+:       It protects you from negative energy.
   Will+:     It increases your willpower.
 O - a ring of protection from fire
 Q - a ring of ice
Talismans
 f - a beast talisman
Wands
 u - a wand of polymorph (9)
 S - a wand of flame (28)
 T - a wand of light (5)
Scrolls
 g - 2 scrolls of enchant armour
 h - 2 scrolls of summoning
 j - 2 scrolls of enchant weapon
 q - a scroll of silence
 v - a scroll of immolation
 w - 5 scrolls of teleportation
 y - a scroll of blinking
 D - a scroll of revelation
 F - a scroll of brand weapon
 J - 2 scrolls of vulnerability
 M - 3 scrolls of amnesia
Potions
 d - a potion of magic
 p - 4 potions of resistance
 s - 2 potions of attraction
 C - a potion of might
 E - a potion of mutation
 K - 2 potions of haste


   Skills:
 + Level 6.1 Fighting
 + Level 4.6(4.7) Short Blades
 + Level 1.2(3.1) Long Blades
 - Level 2.0 Dodging
 + Level 9.6 Stealth
 + Level 4.6 Spellcasting
 + Level 3.4(4.2) Conjurations
 - Level 1.0 Hexes
 + Level 2.1(2.8) Summonings
 - Level 2.0 Translocations
 - Level 4.0 Air Magic
 - Level 4.7(5.5) Alchemy
 - Level 0.5 Shapeshifting


You had 7 spell levels left.
You knew the following spells:

 Your Spells              Type           Power      Damage    Failure   Level
a - Magic Dart            Conj           100%       1d8       1%          1
b - Call Imp              Summ           36%        N/A       4%          2
c - Slow                  Hex            40%        N/A       6%          1
d - Mephitic Cloud        Conj/Alch/Air  27%        N/A       4%          3
e - Blink                 Tloc           30%        N/A       6%          2
f - Cigotuvi's Dreadful   Necr/Alch/Air  40%        N/A       3%          2

Your spell library contained the following spells:

 Spells                   Type           Power      Damage    Failure   Level
 Sting                    Conj/Alch      100%       1d9       1%          1
 Mercury Vapours          Alch/Air       56%        N/A       1%          2
 Olgreb's Toxic Radiance  Alch           32%        N/A       10%         4
 Scorch                   Fire           10%        2d5       14%         2
 Sublimation of Blood     Necr           5%         N/A       14%         2
 Confusing Touch          Hex            10%        N/A       19%         3
 Sigil of Binding         Hex            10%        N/A       19%         3
 Vampiric Draining        Necr           5%         2d6       26%         3
 Flame Wave               Conj/Fire      15%        2d7       36%         4
 Summon Cactus Giant      Summ           9%         N/A       99%         6
 Summon Hydra             Summ           9%         N/A       100%        7


Dungeon Overview and Level Annotations

Branches:
Dungeon (9/15)             Temple (1/1) D:5
   Lair: D:8-11         Orc: D:9-12

Altars:
Ashenzari
Cheibriados
Dithmenos
Elyvilon
Fedhas
Gozag
Hepliaklqana
Kikubaaqudgha
Nemelex Xobeh
Okawaru
Qazlal
Ru
Sif Muna
Trog
Uskayaw
Vehumet
Wu Jian
Xom
Yredelemnul
Zin
The Shining One

Shops:
D:5 (   D:6 *=

Annotations:
D:1 exclusion: downstairs
D:2 Sigmund


Innate Abilities, Weirdness & Mutations

Armour fits poorly on your strangely shaped body.
You have extremely tough skin. (AC +3)
You have a long armoured tail.
You regenerate magic and health when rolling toward enemies. (Rampage Regen)


Message History

The centaur warrior zombie kicks you but does no damage.
A wyvern comes into view.
You strike the helpless killer bee from behind!
You hit the killer bee. You freeze the killer bee.
Your tail-slap misses the killer bee.
The killer bee is heavily wounded.
The killer bee is engulfed in noxious fumes.
The killer bee appears confused.
The killer bee barely misses you. The meliai zombie hits you.
The meliai zombie hits you but does no damage.
The centaur shoots an arrow.
The arrow hits you!
The centaur is engulfed in noxious fumes.
The centaur appears confused.
The killer bee is engulfed in noxious fumes.
The killer bee appears confused.
The killer bee stings itself.
The centaur warrior zombie hits you but does no damage.
The centaur warrior zombie barely misses you.
The meliai zombie hits you!
* * * LOW HITPOINT WARNING * * *
The meliai zombie hits you.
* * * LOW HITPOINT WARNING * * *
The killer bee is engulfed in noxious fumes.
The killer bee appears confused.
The killer bee misses you.
Your cerulean imp hits the centaur warrior zombie but does no damage.
The centaur warrior zombie hits you.
* * * LOW HITPOINT WARNING * * *
The centaur warrior zombie misses you. The meliai zombie hits you.
* * * LOW HITPOINT WARNING * * *
The meliai zombie hits you.
* * * LOW HITPOINT WARNING * * *
The centaur shoots an arrow.
The arrow hits you!
* * * LOW HITPOINT WARNING * * *
The killer bee is engulfed in noxious fumes.
The killer bee appears confused.
The centaur is engulfed in noxious fumes.
The centaur appears confused.
The meliai zombie barely misses you. The meliai zombie hits you.
* * * LOW HITPOINT WARNING * * *
The centaur warrior zombie hits you!
You die...

#############
................## .
..(#..
.#................. .
...!..
...........c.......#
.#......
....................
.:.....
.......y..[........ .
.....#
......@Z.............
..y..##.
.....Z.§°.......##.?.
.<......
....5.#c§.....k......
.....#..
.......§☼............
........
..........#........#
........
...##.....#..y.....#
#.......
............)........
########
...................
.P..PP.....#...##.#


You could see 2 centaurs, a killer bee (confused), a centaur warrior zombie
(ally target), a meliai zombie and a friendly cerulean imp (summoned).

Vanquished Creatures
  Jeremiah (D:7)
  Psyche (D:8)
  Prince Ribbit (D:7)
  A wraith (D:8)
  The ghost of jotaen the Poker, an amateur MiFi (D:5)
  2 wyverns (D:8)
  2 water moccasins
  An orc warrior (D:7)
  2 ice beasts (D:6)
  2 sky beasts (D:7)
  3 black bears
  3 ogres
  4 centaurs
  2 kobold brigands
  4 bullfrogs
  3 scorpions
  9 killer bees
  An electric eel (D:8)
  4 howler monkeys
  2 hounds
  Crazy Yiuf (D:3)
  2 bombardier beetles
  An orc priest (D:7)
  A gnoll bouda (D:4)
  2 sleepcaps
  3 iguanas
  3 orc wizards (D:8)
  9 gnolls
  10 adders
  A shadow imp (D:7)
  A white imp (D:7)
  2 dart slugs
  18 orcs
  7 ball pythons
  5 bats
  4 endoplasms
  7 giant cockroaches
  10 goblins
  7 hobgoblins
  5 jackals
  2 quokkas
  3 frilled lizards
  9 kobolds
  6 rats
168 creatures vanquished.

Vanquished Creatures (collateral kills)
  A black bear (D:7)
  An ogre (D:7)
  2 scorpions (D:4)
  A wight (D:7)
  4 killer bees (D:7)
  A jelly (D:7)
  A hound (D:6)
  Jessica (D:3)
  An orc wizard (D:8)
  An adder (D:4)
  3 gnolls
  2 white imps (D:5)
  A worm (D:4)
  2 orcs
  2 ball pythons (D:3)
  2 goblins
  2 jackals (D:4)
  2 quokkas (D:2)
  A frilled lizard (D:2)
  3 kobolds
34 creatures vanquished.

Grand Total: 202 creatures vanquished

Notes
Turn   | Place    | Note
-------+----------+-------------------------------------------
     0 | D:1      | Fymir27 the Armataur Hedge Wizard began the quest for the
                  | Orb.
     0 | D:1      | Reached XP level 1. HP: 14/14 MP: 4/4
   333 | D:1      | Reached XP level 2. HP: 20/20 MP: 3/5
   453 | D:1      | Reached skill level 1 in Conjurations
   864 | D:2      | Noticed Sigmund
  1027 | D:2      | Reached XP level 3. HP: 24/27 MP: 1/7
  1456 | D:1      | Learned a level 2 spell: Call Imp
  1458 | D:1      | Learned a level 1 spell: Slow
  2207 | D:3      | Identified the +3 chain mail of the Hurricane {Will+ Int+3
                  | Slay+3}
  2244 | D:3      | Noticed Jessica
  2322 | D:3      | Killed Jessica
  2323 | D:3      | Reached skill level 1 in Fighting
  2323 | D:3      | Reached skill level 3 in Stealth
  2323 | D:3      | Reached skill level 1 in Summonings
  2323 | D:3      | Reached XP level 4. HP: 35/35 MP: 2/8
  2338 | D:3      | Found a shimmering altar of Xom.
  2731 | D:3      | Found a white marble altar of Elyvilon.
  2866 | D:3      | Found an ornate altar of the Wu Jian Council.
  2906 | D:3      | Found a runed translucent door.
  2907 | D:3      | Noticed Crazy Yiuf
  2940 | D:3      | HP: 1/33 [Crazy Yiuf/+4 quarterstaff of chaos (5)]
  2958 | D:3      | Killed Crazy Yiuf
  2959 | D:3      | Reached XP level 5. HP: 12/40 MP: 5/10
  3311 | D:4      | Learned a level 2 spell: Blink
  3384 | D:4      | Learned a level 3 spell: Mephitic Cloud
  3440 | D:4      | Reached skill level 1 in Short Blades
  3440 | D:4      | Reached skill level 4 in Stealth
  3440 | D:4      | Reached skill level 1 in Hexes
  3735 | D:4      | Reached XP level 6. HP: 48/48 MP: 3/11
  3990 | D:5      | Entered Level 5 of the Dungeon
  4046 | D:5      | Identified the +1 whip of the Middle {venom, +Blink}
  4327 | D:3      | Reached skill level 5 in Stealth
  5399 | D:4      | Gained mutation: You regenerate magic and health when
                  | rolling toward enemies. (Rampage Regen) [Armataur growth]
  5399 | D:4      | Reached XP level 7. HP: 41/55 MP: 5/12
  5808 | D:4      | Reached skill level 6 in Stealth
  5808 | D:4      | Reached skill level 1 in Air Magic
  5808 | D:4      | Reached skill level 1 in Alchemy
  5987 | D:5      | Found Hexzoal's Antique Weapon Boutique.
  6629 | D:5      | HP: 1/56 [white imp/puff of frost (11)]
  6837 | D:5      | Reached XP level 8. HP: 38/63 MP: 7/13
  6944 | D:5      | Found a hazy altar of Hepliaklqana.
  6947 | D:5      | Found a radiant altar of Vehumet.
  6950 | D:5      | Found a sacrificial altar of Ru.
  6953 | D:5      | Found a sparkling altar of Nemelex Xobeh.
  7121 | D:5      | Reached skill level 7 in Stealth
  7306 | D:5      | Found a runed translucent door.
  7312 | D:5      | Noticed jotaen's ghost (amateur MiFi)
  7366 | D:5      | Found a staircase to the Ecumenical Temple.
  7374 | Temple   | Entered the Ecumenical Temple
  7392 | Temple   | Became a worshipper of Ashenzari the Shackled
  7764 | D:6      | Identified the ring "Nuanosche" {rElec rN+ Will+ Dex+3}
  7776 | D:6      | Found Faturupt's Jewellery Shoppe.
  7976 | D:6      | Found Ea-nāṣir's Fine Metal Goods.
  8395 | D:6      | Learned a level 2 spell: Cigotuvi's Dreadful Rot
  8610 | D:6      | Found a basalt altar of Yredelemnul.
  9063 | D:7      | Reached skill level 8 in Stealth
  9063 | D:7      | Reached XP level 9. HP: 72/72 MP: 14/14
 10262 | D:7      | Reached skill level 5 in Fighting
 10638 | D:7      | Noticed Prince Ribbit
 10645 | D:7      | Killed Prince Ribbit
 10844 | D:7      | Noticed Jeremiah
 10933 | D:8      | Reached skill level 9 in Stealth
 11167 | D:8      | Noticed Psyche
 11178 | D:8      | Killed Psyche
 11452 | D:8      | Reached * piety under Ashenzari
 11517 | D:8      | Found a blossoming altar of Fedhas.
 11587 | D:8      | Reached XP level 10. HP: 79/82 MP: 6/16
 11647 | D:7      | Identified the cursed scarf "Circumscribed Yoke" {shadows,
                  | Fort, Comp} (You found it on level 2 of the Dungeon)
 12082 | D:7      | Killed Jeremiah
 12263 | D:8      | Found a glowing golden altar of the Shining One.
 12263 | D:8      | Found a bloodstained altar of Trog.
 12268 | D:8      | Found the +5 robe of Misfortune {Harm *Corrode *Slow EV+5}
 12656 | D:8      | Found a shimmering blue altar of Sif Muna.
 12826 | D:5      | Bought an ichor-stained great sword for 276 gold pieces
 12826 | D:5      | Identified the +5 great sword of Noon {freeze, rPois
                  | Stlth+} (You bought it in a shop on level 5 of the Dungeon)
 12878 | D:5      | Killed jotaen's ghost
 13259 | D:8      | HP: 1/78 [wraith (9)]
 13276 | D:7      | Upgraded the game from 0.31-a0-1395-g7c67ea8c80 to
                  | 0.31-a0-1412-g7b7c7d10e1
 13891 | D:8      | Reached skill level 1 in Long Blades
 14298 | D:9      | HP: 1/83 [meliai zombie (5)]
 14298 | D:9      | Mangled by a centaur warrior zombie

Illustrated notes

Levels and vault maps discovered:
D:1:      onia_arrival_pyramid, layout_basic
D:2:      layout_basic, uniq_sigmund
D:3:      layout_rooms, lemuel_coloured_pillars_altar,
          mainiacjoe_overflow_paths, mainiacjoe_overflow_surrounded_room,
          minmay_box_of_dots, uniq_jessica, uniq_crazy_yiuf_cottage
D:4:      minmay_recursive_quarters, layout_basic, portal_sewer_entry_d
D:5:      layout_basic, grunt_temple_overflow_cloverleaf,
          minmay_temple_entry_poolview, serial_shops,
          nicolae_shop_overgrown_old_shop, ebering_ghost_sewer_d,
          chequers_serial_rivers_micro_c
D:6:      layout_loops_corners, lemuel_tele_altar, serial_shops, shop,
          nicolae_ea-nasir_strikes_again
D:7:      minmay_polygon_palace, layout_basic, uniq_jeremiah,
          uniq_prince_ribbit1
D:8:      layout_basic, nicolae_overflow_two_pavilions,
          nicolae_sif_muna_condensation, lemuel_crystal_altar,
          hangedman_decor_clover_reticule, uniq_psyche
D:9:      bobbens_index_wilting_gardens, layout_basic, dpeg_lair_monsters,
          enter_bailey_5
Temple:   chequers_temple_sunken

Skill      XL: |  1  2  3  4  5  6  7  8  9 10 |
---------------+-------------------------------+-----
Conjurations   | 1 2 3 |  3.4
Spellcasting   | 3 4 |  4.6
Fighting       | 1 2 3 4 5 6 |  6.1
Stealth        | 3 4 5 6 8 9 |  9.6
Summonings     | 1 2 |  2.1
Short Blades   | 1 2 3 4 |  4.6
Hexes          | 1 |  1.0
Translocations | 2 |  2.0
Air Magic      | 1 3 4 |  4.0
Alchemy        | 1 3 4 |  4.7
Dodging        | 2 |  2.0
Long Blades    | 1 |  1.2
Shapeshifting  | |  0.5

Action                     |  1- 3 |  4- 6 |  7- 9 | 10-12 || total
---------------------------+-------+-------+-------+-------++-------
  Melee: Dagger            |    94 |    59 |   283 |    59 ||   495
         Tailslap          |     8 |    16 |    51 |    11 ||    86
         Long sword        |    10 |    61 |       |       ||    71
         Rapier            |       |     9 |       |       ||     9
         Punch             |       |     5 |     9 |     1 ||    15
         Whip              |       |       |     6 |     2 ||     8
         Great sword       |       |       |       |    26 ||    26
         Short sword       |       |       |       |    25 ||    25
  Throw: Dart              |       |     6 |       |       ||     6
   Cast: Magic Dart        |    58 |    42 |    41 |    21 ||   162
         Call Imp          |     9 |    32 |    39 |    13 ||    93
         Slow              |       |    30 |     5 |       ||    35
         Blink             |       |       |     7 |     4 ||    11
         Mephitic Cloud    |       |       |    10 |    17 ||    27
 Invoke: Curse Item        |       |       |     2 |       ||     2
  Evoke: Wand              |       |       |       |     4 ||     4
    Use: Scroll            |       |    10 |     4 |     1 ||    15
         Potion            |       |     6 |       |     6 ||    12
   Stab: Sleeping          |     5 |     1 |     9 |       ||    15
         Distracted        |       |     2 |     1 |       ||     3
         Confused          |       |       |     7 |    10 ||    17
 Armour: Robe              |   124 |   179 |   262 |   223 ||   788
         Skin              |       |       |       |     6 ||     6
  Dodge: Dodged            |    83 |   112 |   156 |   143 ||   494

Table legend: (Time is in decaauts)
 A = Elapsed time spent in this place.
 B = Non-inter-level travel time spent in this place.
 C = Inter-level travel time spent in this place.
 D = Time resting spent in this place.
 E = Time spent auto-exploring this place.
 F = Levels seen in this place.
 G = Mean time per level.
                   A        B        C        D        E       F      G
               +--------+--------+--------+--------+--------+-----+--------+
         Total |  14356 |  13066 |   1290 |   3344 |   6471 |  10 | 1435.6 |
       Dungeon |  14320 |  13047 |   1273 |   3344 |   6471 |   9 | 1591.1 |
        Temple |     36 |     19 |     17 |      0 |      0 |   1 |   36.0 |
               +--------+--------+--------+--------+--------+-----+--------+

Top non-repeatable levels by time:
     D:7: 3207 daAuts
     D:4: 2366 daAuts
     D:8: 1839 daAuts
     D:5: 1744 daAuts
     D:3: 1689 daAuts
     D:6: 1348 daAuts
     D:2: 1137 daAuts
     D:1: 943 daAuts
     D:9: 44 daAuts
  Temple: 36 daAuts
